 Dungeon Crawl Stone Soup version 0.29-a0-962-gc8bbfd0a37 (webtiles) character file.

Game seed: 17315817353724240141

56 freelancePsychic the Conjurer (level 3, 0/33 HPs)
             Began as a Troll Conjurer on July 31, 2022.
             Slain by an orc
             ... wielding a +0 mace
              (3 damage)
             ... on level 2 of the Dungeon.
             The game lasted 00:02:40 (1746 turns).

freelancePsychic the Conjurer (Troll Conjurer)      Turns: 1746, Time: 00:02:41

Health: 0/33       AC:  4    Str: 15    XL:     3   Next: 69%
Magic:  4/4        EV:  9    Int: 14    God:
Gold:   76         SH:  0    Dex: 10    Spells: 1/4 levels left

rFire   . . .      SeeInvis .     - Unarmed
rCold   . . .      Faith    .   (no shield)
rNeg    . . .      Spirit   .   a - +0 robe
rPois   .          Reflect  .   (helmet restricted)
rElec   .          Harm     .   (no cloak)
rCorr   .          Rampage  .   (gloves unavailable)
Will    .....                   (boots unavailable)
Stlth   +.........              (no amulet)
HPRegen 0.91/turn               (no ring)
MPRegen 0.09/turn               (no ring)

@: no status effects
A: large, unfitting armour, claws 3, regeneration 1, shaggy fur 1, tough skin 1
a: no special abilities


You were on level 2 of the Dungeon.
You visited 1 branch of the dungeon, and saw 3 of its levels.

You collected 76 gold pieces.

Inventory:

Missiles
 c - 2 poisoned darts
Armour
 a - a +0 robe (worn)
Jewellery
 e - a ring of positive energy
Scrolls
 h - a scroll of identify {unknown}
 i - a scroll of blinking {unknown}
Potions
 b - a potion of magic
 d - a potion of lignification {unknown}
 f - a potion of curing {unknown}
 g - a potion of mutation {unknown}
 j - a potion of attraction {unknown}


   Skills:
 + Level 1.6 Fighting
 + Level 1.7 Dodging
 - Level 1.0 Stealth
 + Level 1.6 Unarmed Combat
 - Level 1.4 Spellcasting
 - Level 3.1 Conjurations


You had one spell level left.
You knew the following spells:

 Your Spells              Type           Power      Damage    Failure   Level
a - Magic Dart            Conj           36%        1d4       7%          1
b - Searing Ray           Conj           18%        2d5       11%         2

Your spell library contained the following spells:

 Spells                   Type           Power      Damage    Failure   Level
 Dazzling Flash           Conj/Hex       10%        N/A       38%         3
 Fulminant Prism          Conj/Hex       2%         3d6       80%         4
 Iskenderun's Mystic Bla  Conj/Tloc      5%         2d3       80%         4


Dungeon Overview and Level Annotations

Branches:
Dungeon (3/15)

Altars:

Shops:
D:1 !:


Innate Abilities, Weirdness & Mutations

You are too large for most types of armour.
You have claws for hands.
Your natural rate of healing is unusually fast.
You are covered in fur. (AC +1)
You have tough skin. (AC +1)


Message History

No target in view!
No target in view!
No target in view!
No target in view!
No target in view!
No target in view!
No target in view!
No target in view!
No target in view!
You start resting.
Magic restored.
You climb downwards.
The orc hits you but does no damage. The orc hits you with a +0 hand axe.
The orc hits you with a +0 mace. x2
The orc hits you with a +0 short sword. The orc hits you with a +0 hand axe.
There is a stone staircase leading up, spattered with blood here.
You scratch the orc.
The orc is lightly wounded.
The orc barely misses you. The orc hits you with a +0 short sword.
The orc hits you but does no damage. The orc hits you with a +0 hand axe.
The orc hits you but does no damage. The orc completely misses you.
You climb upwards.
There is a stone staircase leading down here.
You are too injured to fight recklessly!
You scratch the orc.
The orc is heavily wounded.
The orc hits you with a +0 short sword. The orc hits you with a +0 hand axe.
The orc hits you with a +0 mace.
You barely miss the orc.
The orc is heavily wounded.
The orc hits you with a +0 short sword. The orc hits you with a +0 hand axe.
* * * LOW HITPOINT WARNING * * *
The orc hits you but does no damage.
Okay, then.
You barely miss the orc.
The orc is heavily wounded.
The orc hits you but does no damage. The orc hits you with a +0 hand axe.
* * * LOW HITPOINT WARNING * * *
The orc hits you with a +0 mace.
You die...

####......###..#.#.#.#.#
#.##...
.................#†#.#.#
#.#####
############(..#.#÷#.#.#
#......
.............#.#.#.#.#.#
#######
#########.##.#.......#.#
#########.##.#...#.###.#
..........##.#.......#.#
.###########.#.oo).#.#.#
.'.........#.#..@###.#.#
.#########.#.#.#o###.#.#
.#....(.##.#.#.#...#.#.#
...####....#.#.###.#.#.#
...###.....#.#.# #.#.#.#
.#.#.......#.#.# #.#.#.#####
.#.......#.#.#.# #.#.#.#...#
.###.#.#<#.#.#.###.#.#.#.#.#
...#.#.#.#.#.#...#.#.#.#.#.#


You could see 3 orcs.

Vanquished Creatures
  An adder (D:2)
  A dart slug (D:2)
  3 orcs
  A bat (D:1)
  6 endoplasms
  2 giant cockroaches
  2 goblins (D:1)
  A hobgoblin (D:1)
  6 jackals
  4 ball pythons
  A frilled lizard (D:1)
  7 kobolds
  3 rats (D:1)
38 creatures vanquished.

Vanquished Creatures (others)
  13 plants (D:1)
13 creatures vanquished.

Grand Total: 51 creatures vanquished

Notes
Turn   | Place    | Note
-------+----------+-------------------------------------------
     0 | D:1      | freelancePsychic the Troll Conjurer began the quest for the
                  | Orb.
     0 | D:1      | Reached XP level 1. HP: 16/16 MP: 1/1
    39 | D:1      | Reached skill level 3 in Conjurations
   117 | D:1      | Reached XP level 2. HP: 26/26 MP: 3/3
   141 | D:1      | Found Ynwuwy's Distillery.
   145 | D:1      | Learned a level 2 spell: Searing Ray
   281 | D:1      | Reached skill level 1 in Fighting
   358 | D:1      | Found Qaeckaty's Book Shop.
   488 | D:1      | Reached skill level 1 in Unarmed Combat
   912 | D:2      | Reached XP level 3. HP: 23/33 MP: 1/4
  1689 | D:3      | Noticed a +0 short sword
  1689 | D:3      | Noticed a +0 falchion
  1689 | D:3      | Noticed a +0 dagger
  1691 | D:3      | Noticed a +0 spear
  1694 | D:3      | Noticed a +0 falchion
  1694 | D:3      | Noticed a +0 short sword
  1694 | D:3      | Noticed a +0 spear
  1695 | D:3      | Noticed a +0 dagger
  1746 | D:2      | Slain by an orc

Illustrated notes

Levels and vault maps discovered:
D:1:      roderic_crop_circles_arrival_small, layout_loops_cross, serial_shops,
          nicolae_diamond_shop, nicolae_shop_hallway_stairs, serial_forest,
          infiniplex_forest_fountain, infiniplex_forest_lined_ring,
          infiniplex_forest_diagonal, infiniplex_forest_lined_2,
          infiniplex_forest_lined_3_way, infiniplex_forest_end_3,
          infiniplex_forest_clump_C
D:2:      layout_basic, minivault_24
D:3:      layout_basic, nicolae_uskayaw_en_pointe,
          chequers_ecumenical_altar_simple_redux, uniq_grinder

Skill      XL: |  1  2 |
---------------+-------+-----
Conjurations   | 3 |  3.1
Fighting       | 1 |  1.6
Unarmed Combat | 1 |  1.6
Dodging        | |  1.7
Stealth        | |  1.0
Spellcasting   | |  1.4

Action                   || total
-------------------------++-------
Melee: Unarmed           ||    68
       Punch             ||     1
 Cast: Magic Dart        ||     1
       Searing Ray       ||     6
  Use: Scroll            ||     1
 Stab: Sleeping          ||     2
Armor: Robe              ||    25
Dodge: Dodged            ||    27

Table legend: (Time is in decaauts)
 A = Elapsed time spent in this place.
 B = Non-inter-level travel time spent in this place.
 C = Inter-level travel time spent in this place.
 D = Time resting spent in this place.
 E = Time spent auto-exploring this place.
 F = Levels seen in this place.
 G = Mean time per level.
                   A        B        C        D        E       F      G
               +--------+--------+--------+--------+--------+-----+--------+
         Total |   1746 |   1677 |     69 |     30 |   1429 |   3 |  582.0 |
       Dungeon |   1746 |   1677 |     69 |     30 |   1429 |   3 |  582.0 |
               +--------+--------+--------+--------+--------+-----+--------+

Top non-repeatable levels by time:
     D:2: 883 daAuts
     D:1: 837 daAuts
     D:3: 25 daAuts
